 Dungeon Crawl Stone Soup version 0.22-a0-756-gc33bbe721d (webtiles) character file.

2433 Bapho the Spear-Bearer (level 9, -2/71 HPs)
             Began as a Merfolk Gladiator on July 16, 2018.
             Was a Believer of Ashenzari.
             Slain by an orc warrior
             ... wielding a +0 dire flail
              (5 damage)
             ... on level 8 of the Dungeon.
             The game lasted 00:12:20 (8119 turns).

Bapho the Spear-Bearer (Merfolk Gladiator)          Turns: 8119, Time: 00:12:20

Health: -2/71      AC: 10    Str: 14    XL:     9   Next: 48%
Magic:  9/9        EV: 16    Int:  8    God:    Ashenzari [**....]
Gold:   391        SH:  4    Dex: 18    Spells: 8/8 levels left

rFire    + . .     SeeInvis .   h - +0 halberd
rCold    . . .     Gourm    .   (shield currently unavailable)
rNeg     + . .     Faith    .   e - +0 ring mail
rPois    .         Spirit   .   y - +0 hat of Qetu {rElec rN+ MR+} (curse)
rElec    +         Reflect  +   t - +2 cloak {+Inv} (curse)
rCorr    .         Harm     .   (no gloves)
MR       +....                  u - +0 pair of boots
Stlth    +.........             A - +4 amulet of reflection (curse)
HPRegen  0.21/turn              r - ring of protection from fire (curse)
MPRegen  0.11/turn              (no ring)

@: hasted, very quick
A: change form in water, swift swim, stealthy swim
a: Curse Item, Scrying, Renounce Religion, Evoke Invisibility


You were on level 8 of the Dungeon.
You worshipped Ashenzari.
Ashenzari was pleased with you.
You were very hungry.

You visited 1 branch of the dungeon, and saw 9 of its levels.

You collected 391 gold pieces.

Inventory:

Hand Weapons
 a - a +0 trident
 h - a +0 halberd (weapon)
Missiles
 i - 296 stones (quivered)
 j - 48 poisoned needles
 o - 5 javelins
Armour
 b - a +0 leather armour
 c - a +0 helmet
 e - a +0 ring mail (worn)
 s - a +0 plate armour
 t - a cursed +2 cloak of invisibility (worn)
 u - a +0 pair of boots (worn)
 y - the cursed +0 hat of Qetu (worn) {rElec rN+ MR+}
   (You found it on level 5 of the Dungeon)

   It insulates you from electricity.
   It protects you from negative energy.
   It affects your resistance to hostile enchantments.
   It has a curse placed upon it.
Jewellery
 r - a cursed ring of protection from fire (left hand)
 A - a cursed +4 amulet of reflection (around neck)
Wands
 w - a wand of flame (45)
 F - a wand of paralysis (17)
Scrolls
 d - 2 scrolls of fear {unknown}
 l - a scroll of fog {unknown}
 p - 2 scrolls of identify
 q - a scroll of blinking {unknown}
 D - 3 scrolls of teleportation {unknown}
 E - a scroll of amnesia {unknown}
 G - a scroll of immolation {unknown}
Potions
 g - 3 potions of curing
 k - a potion of magic {unknown}
 n - 2 potions of resistance
 v - 2 potions of degeneration
 z - a potion of brilliance
 B - 2 potions of invisibility
Comestibles
 f - 13 rations


   Skills:
 + Level 6.5 Fighting
 * Level 11.7 Polearms
 - Level 2.0 Throwing
 + Level 4.0 Armour
 + Level 8.3 Dodging


You had 8 spell levels left.
You didn't know any spells.
Your spell library was empty.

Dungeon Overview and Level Annotations

Branches:
Dungeon (9/15)             Temple (0/1) D:6
   Lair: D:8-11         Orc: D:9-12

Altars:
Ashenzari
Dithmenos
Elyvilon
Fedhas
Makhleb
Qazlal
Sif Muna
Trog
The Shining One

Shops:
D:8 =

Annotations:
D:5 2 runed doors, Bapho's ghost, novice TrMo


Message History

The orc warrior hits you with a dire flail!
The orc closely misses you.
You climb upwards.
There is a stone staircase leading down here.
You hit the orc priest but do no damage.
The orc priest mumbles some strange prayers to Beogh against you.
Beogh smites you! The orc warrior misses you.
The orc priest calls upon Beogh to heal the orc warrior.
The orc warrior is healed somewhat.
You puncture the orc priest!
The orc priest is heavily wounded.
The orc priest closely misses you.
The orc warrior hits you with a dire flail!
* * * LOW HITPOINT WARNING * * *
You feel yourself speed up.
The orc priest calls down the wrath of Beogh upon you.
Beogh smites you!
* * * LOW HITPOINT WARNING * * *
The orc warrior hits you with a dire flail.
You die...

......## #.......##.#...# #......
.......# #..........#.#.###......
.......# ########.....#..........
.......# ##...............
.......###########...............
..............>..........###.....
................>................
...............oo..........##..##
................@................
.>.....######..............###.##
.......# #.............))...#
.......# #.............)###.#
......## ##.............###.#
.......#######...........#..##.##
###.........##...##..###.#.......
#.........##.####.####.........
#.........#....................


You could see an orc warrior and an orc priest.

Vanquished Creatures
  A two-headed ogre (D:7)
  Eustachio (D:4)
  An ice beast (D:8)
  A phantom (D:2)
  A necrophage (D:6)
  2 centaurs
  An ogre (D:4)
  A bullfrog (D:6)
  A water moccasin zombie (D:8)
  A scorpion (D:6)
  2 howler monkeys (D:8)
  A crimson imp (D:5)
  A bullfrog zombie (D:6)
  Crazy Yiuf (D:2)
  5 orc priests
  2 centaur skeletons (D:8)
  2 hounds
  2 jellies
  3 orc wizards
  An iguana (D:6)
  Ijyb (D:3)
  4 worker ants
  A worker ant zombie (D:7)
  4 gnolls (D:2)
  9 adders
  A shadow imp (D:6)
  3 worms (D:2)
  2 dart slugs (D:2)
  3 leopard geckos
  15 orcs
  6 bats
  7 giant cockroaches
  8 goblins
  5 hobgoblins
  21 jackals
  6 quokkas
  2 ball pythons
  2 frilled lizards
  8 kobolds
  11 rats
  A fungus (D:2)
151 creatures vanquished.

Notes
Turn   | Place    | Note
-------+----------+-------------------------------------------
     0 | D:1      | Bapho the Merfolk Gladiator began the quest for the Orb.
     0 | D:1      | Reached XP level 1. HP: 16/16 MP: 1/1
   135 | D:1      | Reached XP level 2. HP: 19/23 MP: 2/2
   964 | D:2      | Reached XP level 3. HP: 11/28 MP: 3/3
  1208 | D:2      | Reached skill level 5 in Polearms
  1244 | D:2      | Noticed a phantom
  1261 | D:2      | Killed a phantom
  1261 | D:2      | Reached skill level 6 in Polearms
  1261 | D:2      | Reached skill level 1 in Armour
  1261 | D:2      | Reached XP level 4. HP: 29/35 MP: 4/4
  1261 | D:2      | Reached XP level 5. HP: 35/41 MP: 5/5
  1395 | D:2      | Found a shadowy altar of Dithmenos.
  1876 | D:2      | Reached skill level 5 in Dodging
  2086 | D:2      | Found a faded altar of an unknown god.
  2253 | D:2      | Found a runed door.
  2257 | D:2      | Noticed Crazy Yiuf
  2263 | D:2      | Killed Crazy Yiuf
  2263 | D:2      | Reached XP level 6. HP: 34/47 MP: 6/6
  2653 | D:3      | Reached skill level 7 in Polearms
  2658 | D:3      | Found a white marble altar of Elyvilon.
  3087 | D:3      | Noticed Ijyb
  3107 | D:3      | Killed Ijyb
  3644 | D:4      | Noticed Eustachio
  3706 | D:4      | Killed Eustachio
  3706 | D:4      | Reached skill level 8 in Polearms
  3706 | D:4      | Reached XP level 7. HP: 47/54 MP: 7/7
  4191 | D:5      | Entered Level 5 of the Dungeon
  4204 | D:5      | Got a slimy hat
  4215 | D:5      | Identified the cursed +0 hat of Qetu {rElec rN+ MR+} (You found it on level 5 of the Dungeon)
  4219 | D:5      | Found a shattered altar of Ashenzari.
  4231 | D:5      | Found a bloodstained altar of Trog.
  4235 | D:5      | Found a glowing golden altar of the Shining One.
  4306 | D:5      | Found a runed door.
  4324 | D:5      | Noticed Bapho's ghost (novice TrMo)
  4339 | D:5      | Found a runed door.
  4816 | D:5      | Became a worshipper of Ashenzari the Shackled
  5416 | D:6      | Reached skill level 9 in Polearms
  5416 | D:6      | Reached XP level 8. HP: 57/61 MP: 8/8
  5453 | D:6      | Found a staircase to the Ecumenical Temple.
  5698 | D:6      | Reached * piety under Ashenzari
  5767 | D:6      | Reached skill level 5 in Fighting
  6219 | D:7      | Reached skill level 10 in Polearms
  7215 | D:8      | Reached ** piety under Ashenzari
  7258 | D:8      | Noticed a two-headed ogre
  7302 | D:7      | Killed a two-headed ogre
  7302 | D:7      | Reached skill level 11 in Polearms
  7302 | D:7      | Reached XP level 9. HP: 34/70 MP: 9/9
  8003 | D:8      | Found a white marble altar of Elyvilon.
  8003 | D:8      | Found a deep blue altar of Sif Muna.
  8008 | D:8      | Found a stormy altar of Qazlal.
  8010 | D:8      | Found a burning altar of Makhleb.
  8012 | D:8      | Found a blossoming altar of Fedhas.
  8031 | D:8      | Found Zekhurr's Jewellery Boutique.
  8119 | D:8      | HP: 3/71 [orc priest/divine providence (11)]
  8119 | D:8      | Slain by an orc warrior

Vault maps used:
D:1:      dpeg_arrival_houses_and_road
D:2:      grunt_dithmenos_smoke_and_mirrors, chequers_ecumenical_altar_twisty,
          uniq_crazy_yiuf_cottage
D:3:      elyvilon_altar_4, uniq_ijyb
D:4:      uniq_eustachio
D:5:      cheibrodos_helix_gallery, minmay_overflow_temple_star_quad,
          first_ration, ebering_ghost_sewer_f
D:6:      minmay_temple_entry_glass
D:8:      chequers_temple_overflow_minitemple, serial_shops,
          nicolae_shop_behind_doors
D:9:      kennysheep_steamy, kennysheep_generic_room_3

Skill      XL: |  1  2  3  4  5  6  7  8  9 |
---------------+----------------------------+-----
Polearms       | 6 8 9 11 | 11.7
Fighting       | 3 4 6 |  6.5
Armour         | 1 2 3 4 |  4.0
Dodging        | 5 6 8 |  8.3
Throwing       | |  2.0

Action                   |  1- 3 |  4- 6 |  7- 9 || total
-------------------------+-------+-------+-------++-------
Melee: Trident           |    86 |    69 |       ||   155
       Halberd           |       |   153 |   262 ||   415
Throw: Stone             |    24 |    29 |    61 ||   114
       Tomahawk          |     7 |    36 |    18 ||    61
Invok: Curse Item        |       |       |     3 ||     3
  Use: Scroll            |       |     3 |     3 ||     6
       Potion            |       |     1 |     3 ||     4
  Eat: Chunk             |     1 |     8 |    13 ||    22
Armor: Ring mail         |    17 |    64 |    66 ||   147
       Plate armour      |       |    11 |       ||    11
Dodge: Dodged            |    43 |   128 |   171 ||   342
Block: Other             |       |       |    55 ||    55
       Reflection        |       |       |     2 ||     2

Table legend:
 A = Spawn XP
 B = Non-spawn XP
 C = Spawn XP percentage of total XP
 D = Spawn monster count
 E = Non-spawn monster count
 F = Spawn count percentage of total count
 G = Total turns spent on level
                    A         B        C        D         E        F      G
               +---------+---------+-------+---------+---------+-------+---------
         Total |       0 |    3476 |   0.0 |       0 |     150 |   0.0 |  8119
               +---------+---------+-------+---------+---------+-------+---------
           D:1 |       0 |      28 |   0.0 |       0 |      18 |   0.0 |   902
           D:2 |       0 |     292 |   0.0 |       0 |      32 |   0.0 |  1610
           D:3 |       0 |     149 |   0.0 |       0 |      26 |   0.0 |   900
           D:4 |       0 |     484 |   0.0 |       0 |      15 |   0.0 |   779
           D:5 |       0 |     133 |   0.0 |       0 |       7 |   0.0 |  1018
           D:6 |       0 |     677 |   0.0 |       0 |      15 |   0.0 |   878
           D:7 |       0 |    1013 |   0.0 |       0 |      11 |   0.0 |  1043
           D:8 |       0 |     695 |   0.0 |       0 |      24 |   0.0 |   975
           D:9 |       0 |       5 |   0.0 |       0 |       2 |   0.0 |    14
               +---------+---------+-------+---------+---------+-------+---------
